Map: King Sejong Station LE

Players

LiquidTLO (TLO)

  • Race: Zerg Zerg
  • League: Grandmaster

SpaceMarine - Winner!

  • Race: Protoss Protoss
  • League: Grandmaster

VOD

Have the link to the VOD?

Description

Time

  • Played on: July 5, 2016, 12:21 p.m.
  • Length: 14:12
Show
View Real Time Build Order
Export as new Build Order

LiquidTLO Zerg 

Build Orders: Pool First 

Get SALT Encoding   

  12  0:01  Drone  
  13  0:14  Overlord  
  13  0:18  Drone  
  14  0:33  Drone x2  
  16  0:37  Drone  
  16  0:39  Extractor  
  16  0:47  Spawning Pool  
  16  0:50  Drone  
  16  0:57  Drone  
  17  1:08  Drone  
  18  1:21  Hatchery  
  17  1:30  Drone  
  18  1:38  Metabolic Boost  
  18  1:42  Queen  
  18  1:46  Zergling x2  
  21  1:53  Overlord  
  21  2:06  Zergling x2  
  22  2:12  Evolution Chamber  
  22  2:13  Zergling x4  
  23  2:21  Queen  
  25  2:26  Zergling x2  
  26  2:34  Zergling x4  
  28  2:43  Zergling x2  
  29  2:48  Zergling x2  
  30  2:56  Overlord  
  30  2:57  Zerg Melee Weapons Level 1, Drone  
  31  3:05  Drone  
  31  3:06  Drone  
  31  3:10  Drone  
  34  3:15  Drone  
  34  3:17  Drone  
  36  3:22  Overlord  
  36  3:27  Drone  
  37  3:28  Drone  
  37  3:32  Drone  
  37  3:36  Drone  
  37  3:39  Drone  
  37  3:40  Drone  
  38  3:44  Drone  
  38  3:46  Drone  
  39  3:50  Pneumatized Carapace  
  39  3:54  Drone  
  40  3:57  Drone  
  40  3:58  Zergling x2  
  40  4:01  Zergling x2  
  41  4:09  Baneling Nest, Drone  
  42  4:10  Zergling x2  
  42  4:12  Zergling x2  
  42  4:14  Drone  
  44  4:17  Zergling x2  
  44  4:20  Drone  
  44  4:22  Drone  
  47  4:25  Drone, Spore Crawler  
  47  4:27  Drone  
  47  4:29  Extractor, Drone  
  48  4:32  Drone  
  49  4:38  Drone  
  49  4:39  Drone  
  51  4:49  Overlord  
  51  4:50  Zergling x2  
  51  4:51  Zergling x2  
  51  4:53  Overlord  
  51  4:54  Zergling x2  
  51  4:59  Overlord, Baneling x2  
  52  5:02  Overlord  
  52  5:03  Overlord  
  51  5:08  Zergling x2  
  51  5:09  Overlord  
  51  5:10  Baneling x2  
  51  5:14  Zergling x2  
  51  5:17  Zergling x2  
  51  5:21  Zergling x2  
  50  5:23  Zergling x4  
  50  5:26  Zergling x2  
  48  5:29  Zergling x2  
  48  5:34  Zergling x2  
  48  5:35  Zergling x2  
  50  5:38  Drone  
  50  5:43  Drone  
  50  5:45  Drone  
  50  5:48  Baneling x2  
  52  5:53  Drone  
  52  5:54  Drone  
  52  5:55  Baneling  
  54  5:59  Drone x2  
  54  6:02  Drone  
  54  6:03  Drone  
  58  6:06  Drone  
  59  6:12  Zergling x2  
  59  6:13  Baneling  
  59  6:14  Zergling x2, Baneling x2  
  61  6:20  Zergling x2  
  61  6:24  Zergling x4  
  59  6:28  Zergling x4  
  59  6:31  Zergling x2  
  59  6:32  Zergling x4  
  63  6:36  Hatchery  
  63  6:37  Zergling x2  
  63  6:42  Lair  
  63  6:43  Drone  
  63  6:44  Extractor, Drone  
  63  6:45  Zergling x2  
  61  6:48  Zergling x2  
  57  6:56  Zergling x2  
  57  6:58  Extractor  
  57  6:59  Drone  
  57  7:02  Drone  
  57  7:04  Drone  
  57  7:06  Zergling x2  
  57  7:07  Roach Warren  
  59  7:12  Drone  
  59  7:14  Zergling x2  
  62  7:15  Zergling x2  
  62  7:17  Baneling x2  
  62  7:18  Zergling x4  
  62  7:19  Baneling x2  
  60  7:32  Zergling x2  
  60  7:33  Zergling x2  
  60  7:36  Zergling x2  
  60  7:37  Zergling x2  
  60  7:40  Baneling x2  
  60  7:42  Zergling x2, Queen  
  60  7:43  Zergling x2  
  66  7:44  Spire, Zergling x2  
  66  7:50  Queen  
  67  7:52  Zergling x2  
  67  7:55  Zergling x2  
  69  7:59  Drone x2  
  69  8:02  Drone  
  69  8:03  Drone  
  73  8:08  Drone  
  73  8:09  Drone  
  73  8:10  Zergling x2  
  67  8:21  Drone  
  67  8:22  Drone x2  
  67  8:23  Zergling x2  
  67  8:24  Zergling x2  
  67  8:25  Zergling x2  
  67  8:26  Queen  
  65  8:29  Zergling x2  
  65  8:31  Queen  
  65  8:32  Zergling x2  
  69  8:34  Zergling x2  
  69  8:35  Zergling x2  
  69  8:36  Zergling x2  
  69  8:37  Zergling x2  
  69  8:38  Zergling x6  
  76  8:42  Zergling x2  
  76  8:43  Zergling x2  
  77  8:50  Zergling x2  
  74  8:59  Mutalisk x2  
  74  9:00  Mutalisk x4  
  84  9:08  Drone  
  84  9:09  Extractor, Drone x3, Mutalisk  
  88  9:10  Extractor  
  88  9:11  Mutalisk  
  88  9:13  Drone  
  85  9:18  Mutalisk  
  85  9:21  Mutalisk  
  85  9:31  Zergling x2  
  85  9:32  Zergling x2  
  85  9:35  Zerg Flyer Weapons Level 1  
  85  9:36  Zergling x4  
  85  9:37  Baneling  
  89  9:40  Baneling x2  
  89  9:42  Zergling x2  
  89  9:44  Zergling x2  
  89  9:45  Baneling x2  
  91  9:48  Zergling x2  
  91  9:49  Zergling x2  
  91  9:51  Baneling x2  
  92  9:58  Mutalisk  
  93  10:03  Zergling x2  
  93  10:06  Zergling x2  
  75  10:18  Zergling x2  
  74  10:22  Zergling x2  
  74  10:27  Zergling x2  
  73  10:29  Zergling x2  
  73  10:32  Zergling x2  
  73  10:33  Drone  
  73  10:35  Drone  
  77  10:38  Zergling x2  
  78  10:43  Baneling x6  
  78  10:48  Zergling x2  
  78  10:49  Zergling x2  
  80  10:56  Zergling x2  
  81  10:57  Zergling x4  
  81  10:59  Zergling x2  
  81  11:00  Zergling x2  
  81  11:01  Zergling x2  
  81  11:03  Spore Crawler  
  85  11:04  Zergling x2  
  85  11:08  Zergling x4  
  85  11:09  Zergling x2  
  85  11:11  Zergling x2  
  87  11:18  Hydralisk Den  
  79  11:25  Zergling x2  
  79  11:26  Zergling x2  
  79  11:27  Zergling x4  
  79  11:28  Zergling x4  
  79  11:32  Drone  
  78  11:36  Drone  
  75  11:52  Hydralisk x5, Muscular Augments  
  85  11:54  Hydralisk  
  85  11:58  Baneling x3  
  87  12:04  Baneling  
  83  12:12  Hydralisk  
  80  12:16  Zergling x4  
  80  12:17  Zergling x4  
  80  12:22  Hydralisk  
  84  12:32  Hydralisk  
  77  12:39  Hydralisk  
  77  12:40  Zergling x2  
  77  12:42  Zergling x4  
  77  12:43  Zergling x2  
  68  12:44  Zergling x2  
  68  12:45  Zergling x4  
  68  12:46  Zergling x4  
  68  12:50  Zergling x2  
  71  12:51  Zergling x2  
  71  12:52  Zergling x2  
  71  12:53  Zergling x2  
  72  13:00  Zergling x4  
  74  13:15  Zergling x2  
  74  13:16  Hatchery  
  74  13:21  Hydralisk  
  74  13:24  Drone  
  77  13:37  Hydralisk x2  
  77  13:39  Baneling  
  77  13:40  Baneling x3  
  81  13:41  Baneling x2  
  81  13:42  Baneling  
  81  13:46  Baneling  
Show
View Real Time Build Order
Export as new Build Order

SpaceMarine Protoss - Winner!

Build Orders: 1 Gate Expand 

Get SALT Encoding   

  12  0:01  Probe (Chrono Boost)  
  13  0:12  Probe (Chrono Boost)  
  14  0:17  Pylon  
  14  0:22  Probe (Chrono Boost)  
  16  0:35  Gateway, Probe (Chrono Boost)  
  16  0:43  Assimilator  
  16  0:46  Probe (Chrono Boost)  
  17  0:56  Probe (Chrono Boost)  
  18  1:07  Probe (Chrono Boost)  
  19  1:18  Nexus  
  19  1:21  Probe (Chrono Boost)  
  20  1:31  Cybernetics Core  
  20  1:34  Probe (Chrono Boost)  
  21  1:40  Assimilator  
  21  1:45  Probe (Chrono Boost)  
  22  1:51  Pylon  
  22  1:55  Probe (Chrono Boost)  
  23  2:09  Adept (Chrono Boost), Mothership Core (Chrono Boost)  
  23  2:13  Warp Gate (Chrono Boost)  
  26  2:28  Probe  
  26  2:29  Probe  
  28  2:34  Adept (Chrono Boost)  
  30  2:38  Probe  
  30  2:41  Gateway, Probe  
  32  2:51  Gateway  
  32  2:55  Pylon  
  32  2:56  Sentry (Chrono Boost)  
  34  3:02  Probe x2  
  36  3:11  Gateway  
  36  3:14  Probe  
  36  3:16  Probe  
  36  3:17  Sentry  
  38  3:26  Probe  
  34  3:54  Pylon  
  33  4:09  Adept  
  35  4:14  Probe x2 (Chrono Boost)  
  37  4:17  Adept  
  37  4:19  Adept x2  
  43  4:25  Probe (Chrono Boost)  
  43  4:27  Probe (Chrono Boost)  
  43  4:30  Adept  
  47  4:35  Probe (Chrono Boost)  
  49  4:39  Sentry x2, Probe (Chrono Boost)  
  49  4:43  Adept  
  54  4:57  Nexus  
  54  4:58  Pylon  
  54  5:16  Probe (Chrono Boost)  
  54  5:18  Probe (Chrono Boost)  
  56  5:27  Probe (Chrono Boost)  
  52  5:30  Probe (Chrono Boost)  
  52  5:32  Robotics Facility  
  48  5:37  Adept x3, Probe (Chrono Boost)  
  48  5:41  Probe (Chrono Boost)  
  52  5:47  Pylon  
  52  5:48  Pylon, Probe (Chrono Boost)  
  53  5:51  Probe (Chrono Boost)  
  53  5:53  Twilight Council  
  54  5:58  Pylon, Probe (Chrono Boost)  
  54  6:00  Sentry  
  54  6:02  Probe (Chrono Boost)  
  58  6:04  Adept  
  58  6:07  Assimilator  
  58  6:09  Assimilator, Probe x2 (Chrono Boost)  
  62  6:12  Probe (Chrono Boost)  
  62  6:17  Immortal (Chrono Boost)  
  62  6:18  Probe (Chrono Boost)  
  63  6:19  Probe (Chrono Boost)  
  63  6:21  Probe  
  64  6:29  Probe  
  64  6:32  Probe x2  
  66  6:35  Resonating Glaives (Chrono Boost)  
  53  6:50  Adept  
  50  6:55  Probe  
  50  6:56  Probe x2  
  51  7:05  Zealot x2  
  51  7:07  Zealot  
  57  7:10  Probe x2 (Chrono Boost)  
  57  7:11  Probe (Chrono Boost)  
  60  7:20  Adept  
  62  7:23  Probe x2 (Chrono Boost)  
  62  7:24  Probe (Chrono Boost)  
  59  7:38  Adept x3, Probe (Chrono Boost)  
  59  7:40  Probe (Chrono Boost)  
  59  7:43  Probe (Chrono Boost)  
  68  7:49  Probe (Chrono Boost)  
  68  7:50  Probe (Chrono Boost)  
  70  7:54  Probe (Chrono Boost)  
  70  7:56  Adept  
  70  7:57  Warp Prism  
  75  7:59  Probe (Chrono Boost)  
  75  8:01  Probe (Chrono Boost)  
  75  8:04  Probe (Chrono Boost)  
  78  8:08  Adept x3  
  78  8:10  Probe (Chrono Boost)  
  71  8:31  Probe (Chrono Boost)  
  71  8:32  Adept x4  
  78  8:43  Probe x3 (Chrono Boost)  
  81  8:53  Probe (Chrono Boost)  
  76  8:59  Probe x2 (Chrono Boost)  
  76  9:05  Gateway  
  76  9:06  Gateway, Probe (Chrono Boost)  
  76  9:07  Adept x4  
  76  9:08  Gateway  
  85  9:10  Gateway  
  81  9:25  Probe x2 (Chrono Boost)  
  81  9:27  Probe (Chrono Boost)  
  81  9:28  Immortal  
  81  9:29  Assimilator  
  81  9:30  Assimilator  
  88  9:32  Adept x3  
  88  9:33  Adept  
  96  9:42  Probe (Chrono Boost)  
  96  9:43  Probe x2 (Chrono Boost)  
  97  9:53  Stargate  
  97  9:56  Stargate  
  97  9:57  Stargate  
  97  10:04  Adept x4  
  85  10:28  Stalker x4  
  83  10:37  Pylon, Phoenix (Chrono Boost)  
  83  10:39  Pylon  
  83  10:41  Pylon  
  81  10:51  Phoenix (Chrono Boost)  
  73  10:59  Phoenix (Chrono Boost)  
  69  11:09  Phoenix (Chrono Boost)  
  68  11:11  Zealot x3  
  68  11:12  Zealot x4  
  84  11:21  Phoenix (Chrono Boost)  
  82  11:27  Phoenix (Chrono Boost)  
  84  11:37  Adept x2  
  84  11:38  Adept  
  84  11:39  Phoenix (Chrono Boost)  
  92  11:46  Probe  
  92  11:48  Probe  
  94  11:55  Adept x5  
  94  11:59  Adept x2, Nexus  
  94  12:00  Probe  
  109  12:13  Nexus  
  103  12:41  Adept x3  
  103  12:42  Adept x3  
  95  12:57  Probe  
  92  12:58  Probe  
  91  13:06  Adept x6  
  91  13:09  Adept  
  105  13:22  Adept  
  107  13:27  Adept x3  
  107  13:28  Sentry  
  108  13:49  Stalker  
Tags
 
Add a new tag
Caveats
  • Supply blocks, unpowered buildings, or Contaminate may cause inaccurate times.
  • Supply counts are checked every 10 seconds.